 Dungeon Crawl Stone Soup version 0.29-a0-322-g68df515428 (webtiles) character file.

Game seed: 4058916456706390006

8 sammy202020 the Skirmisher (level 2, 24/24 HPs)
             Began as a Demonspawn Berserker on Apr 5, 2022.
             Was a Follower of Trog.
             Quit the game on level 1 of the Dungeon.
             The game lasted 00:00:43 (371 turns).

sammy202020 the Skirmisher (Demonspawn Berserker)    Turns: 371, Time: 00:00:43

Health: 24/24      AC:  8    Str: 17    XL:     2   Next: 0%
Magic:  2/2        EV:  7    Int:  8    God:    Trog [*.....]
Gold:   11         SH:  0    Dex: 12    Spells: 1/1 levels left

rFire   . . .      SeeInvis .   a - +0 hand axe
rCold   . . .      Faith    .   (no shield)
rNeg    . . .      Spirit   .   c - +0 chain mail
rPois   .          Reflect  .   (helmet restricted)
rElec   .          Harm     .   (no cloak)
rCorr   .          Rampage  .   (no gloves)
Will    .....                   (no boots)
Stlth   ..........              (no amulet)
HPRegen 0.08/turn               (no ring)
MPRegen 0.08/turn               (no ring)

@: no status effects
A: horns 1
a: Renounce Religion, Berserk


You were on level 1 of the Dungeon.
You worshipped Trog.
Trog was aware of your devotion.
You visited 1 branch of the dungeon, and saw 1 of its levels.

You collected 11 gold pieces.

Inventory:

Hand Weapons
 a - a +0 hand axe (weapon)
 d - a +0 club
Armour
 c - a +0 chain mail (worn)
Scrolls
 e - a scroll of magic mapping {unknown}
Potions
 b - a potion of degeneration {unknown}


   Skills:
 * Level 3.2 Fighting
 * Level 2.9 Axes
 + Level 1.9 Armour
 - Level 1.7 Dodging


You had one spell level left.
You didn't know any spells.
Your spell library was empty.

Dungeon Overview and Level Annotations

Branches:
Dungeon (1/15)

Altars:


Innate Abilities, Weirdness & Mutations

You have a pair of small horns on your head.


Message History

A bat is nearby!
Found 11 gold pieces and 25 stones.
The bat hits you but does no damage.
You hit the bat.
The bat is moderately wounded.
The bat hits you but does no damage.
Found a scale mail.
The bat barely misses you.
You see here a fizzy inky potion.
You barely miss the bat. The bat closely misses you.
The bat hits you but does no damage.
You closely miss the bat. The bat hits you but does no damage.
You barely miss the bat. The bat hits you but does no damage.
You closely miss the bat. The bat hits you. The bat hits you.
The bat barely misses you. The bat hits you but does no damage.
You barely miss the bat. The bat hits you but does no damage.
You hit the bat but do no damage. The bat hits you.
The bat hits you but does no damage.
You hit the bat.
The bat is severely wounded.
The bat hits you. The bat hits you but does no damage.
A bat is nearby!
A bat is nearby!
You hit the bat but do no damage.
The bat is severely wounded.
The bat closely misses you.
You closely miss the bat.
The bat is severely wounded.
The bat barely misses you. x2
You hit the bat.
You kill the bat!
Trog accepts your kill.
You have reached level 2!
Your demonic ancestry asserts itself...
A pair of horns grows on your head!
b - a fizzy inky potion You see here a bat corpse.
e - a scroll labelled ZUCYPR VU JYM
Found a stone staircase leading down.
You now have 11 gold pieces.
Are you sure you want to abandon this character and quit the game? (Confirm with "yes".)

#. #..###.......#..
#.##..#............
.................##
#............####
#.......#...###⌠.
###..........####PP
##.###[..........###.###
>..........†.....###.#..
.###.@.........##..'.♣
.......(........###'##..
..##..#.........# #..###
....##.........# #<.#
...## #.........# ####
## #.........#
#.........# #.........#
##.......##


There were no monsters in sight!

Vanquished Creatures
  A bat (D:1)
  2 goblins (D:1)
  2 hobgoblins (D:1)
  A kobold (D:1)
6 creatures vanquished.

Notes
Turn   | Place    | Note
-------+----------+-------------------------------------------
     0 | D:1      | sammy202020 the Demonspawn Berserker began the quest for
                  | the Orb.
     0 | D:1      | Reached XP level 1. HP: 18/18 MP: 1/1
   311 | D:1      | Gained mutation: You have a pair of small horns on your
                  | head. [demonic ancestry]
   311 | D:1      | Reached XP level 2. HP: 20/24 MP: 2/2
   371 | D:1      | Quit the game

Illustrated notes

Levels and vault maps discovered:
D:1:      sevenhm_arrival_forest_fort_small_3, layout_rooms, serial_shops, shop,
          chequers_serial_rivers_small_3, minmay_strange_pillars

Action                   || total
-------------------------++-------
Melee: Hand axe          ||    26
Invok: Berserk           ||     1
Armor: Chain mail        ||     9
       Animal skin       ||     3
Dodge: Dodged            ||    11

Table legend: (Time is in decaauts)
 A = Elapsed time spent in this place.
 B = Non-inter-level travel time spent in this place.
 C = Inter-level travel time spent in this place.
 D = Time resting spent in this place.
 E = Time spent auto-exploring this place.
 F = Levels seen in this place.
 G = Mean time per level.
                   A        B        C        D        E       F      G
               +--------+--------+--------+--------+--------+-----+--------+
         Total |    385 |    385 |      0 |      0 |    319 |   1 |  385.0 |
       Dungeon |    385 |    385 |      0 |      0 |    319 |   1 |  385.0 |
               +--------+--------+--------+--------+--------+-----+--------+

Top non-repeatable levels by time:
     D:1: 385 daAuts
